Map: Jagannatha LE

Players

Asuna

  • Race: Protoss Protoss
  • League: Master
  • Spawn Location: 1:00

Neeb - Winner!

  • Race: Protoss Protoss
  • Spawn Location: 7:00

Event: DreamHack SC2 Masters 2020 Winter

VOD

Have the link to the VOD?

Description

Time

  • Played on: Oct. 30, 2020, 4:44 p.m.
  • Length: 10:18

All games in this series

Show
View Real Time Build Order
Export as new Build Order

Asuna Protoss 

Build Orders: Phoenix Opening 

Get SALT Encoding   

  12  0:00  Probe (Chrono Boost)  
  13  0:09  Probe (Chrono Boost)  
  14  0:14  Probe (Chrono Boost)  
  15  0:21  Pylon  
  15  0:39  Probe  
  15  0:42  Forge  
  16  0:53  Pylon  
  16  1:00  Probe  
  16  1:02  Pylon  
  17  1:04  Pylon  
  17  1:15  Photon Cannon  
  17  1:17  Probe  
  18  1:24  Pylon  
  18  1:31  Probe  
  19  1:37  Gateway  
  19  1:49  Photon Cannon  
  19  1:51  Probe  
  20  1:57  Assimilator  
  20  2:00  Assimilator  
  20  2:03  Probe  
  21  2:09  Pylon  
  21  2:15  Probe  
  22  2:26  Cybernetics Core  
  22  2:28  Probe  
  23  2:40  Probe  
  24  2:49  Pylon  
  24  2:52  Probe  
  24  2:53  Pylon  
  24  2:54  Pylon  
  25  3:07  Stargate  
  25  3:12  Pylon  
  25  3:14  Adept (Chrono Boost)  
  25  3:16  Probe  
  25  3:17  Warp Gate  
  28  3:36  Nexus  
  28  3:43  Stalker  
  30  3:51  Phoenix (Chrono Boost)  
  32  3:56  Probe  
  33  4:05  Shield Battery  
  33  4:09  Phoenix (Chrono Boost)  
  34  4:18  Pylon  
  34  4:20  Probe  
  35  4:36  Probe  
  35  4:38  Phoenix (Chrono Boost)  
  36  4:40  Pylon  
  38  4:50  Shield Battery  
  38  4:54  Probe  
  38  4:55  Phoenix  
  41  5:00  Probe  
  41  5:06  Probe  
  43  5:09  Stalker  
  43  5:13  Probe  
  45  5:25  Phoenix (Chrono Boost)  
  47  5:29  Stargate  
  47  5:35  Probe x2  
  46  5:38  Assimilator  
  46  5:48  Phoenix (Chrono Boost)  
  46  5:52  Probe x2  
  46  5:56  Assimilator  
  48  6:08  Probe  
  48  6:09  Probe  
  50  6:17  Phoenix (Chrono Boost)  
  54  6:21  Phoenix (Chrono Boost)  
  54  6:23  Pylon  
  54  6:29  Pylon  
  54  6:41  Phoenix (Chrono Boost), Probe x2  
  54  6:45  Pylon  
  60  6:48  Phoenix (Chrono Boost)  
  60  6:53  Probe x2  
  62  6:59  Phoenix (Chrono Boost)  
  64  7:05  Probe x2  
  68  7:08  Pylon  
  68  7:13  Phoenix (Chrono Boost)  
  68  7:18  Phoenix (Chrono Boost)  
  68  7:20  Probe  
  68  7:22  Probe  
  72  7:31  Phoenix  
  74  7:39  Phoenix  
  76  7:46  Fleet Beacon  
  76  7:54  Nexus  
  76  8:03  Phoenix  
  70  8:08  Phoenix (Chrono Boost)  
  58  8:26  Phoenix (Chrono Boost), Probe x2  
  56  8:28  Anion Pulse-Crystals (Chrono Boost)  
  58  8:37  Phoenix (Chrono Boost)  
  58  8:38  Probe x2  
  62  8:48  Phoenix  
  62  8:50  Assimilator, Probe x2  
  62  8:53  Assimilator  
  66  9:01  Phoenix (Chrono Boost)  
  66  9:02  Probe x2  
  70  9:10  Probe  
  70  9:12  Phoenix (Chrono Boost), Sentry  
  70  9:14  Probe x2  
  77  9:22  Probe  
  78  9:26  Probe  
  78  9:27  Phoenix (Chrono Boost)  
  83  9:35  Phoenix (Chrono Boost), Pylon  
  83  9:43  Nexus  
  83  9:45  Phoenix (Chrono Boost)  
  85  9:54  Pylon  
  85  9:56  Stargate  
Show
View Real Time Build Order
Export as new Build Order

Neeb Protoss - Winner!

Build Orders: Cannon Rush, Oracle Opening 

Get SALT Encoding   

  12  0:00  Probe  
  13  0:12  Probe  
  14  0:17  Pylon  
  14  0:24  Probe (Chrono Boost)  
  15  0:36  Probe (Chrono Boost)  
  15  0:37  Gateway  
  16  0:43  Probe (Chrono Boost)  
  16  0:46  Assimilator  
  18  0:58  Forge  
  18  1:01  Probe  
  18  1:10  Pylon  
  18  1:25  Cybernetics Core  
  18  1:31  Photon Cannon  
  17  1:42  Photon Cannon  
  17  1:47  Photon Cannon  
  17  1:54  Probe  
  17  1:57  Assimilator  
  18  2:06  Probe (Chrono Boost)  
  19  2:18  Probe (Chrono Boost)  
  19  2:21  Gateway  
  19  2:22  Probe (Chrono Boost)  
  21  2:32  Stargate  
  21  2:33  Probe  
  22  2:37  Shield Battery  
  22  2:51  Photon Cannon  
  23  2:57  Pylon  
  22  3:00  Probe  
  23  3:07  Void Ray (Chrono Boost)  
  23  3:18  Probe  
  28  3:27  Pylon  
  28  3:32  Probe  
  29  3:44  Oracle (Chrono Boost)  
  32  3:59  Nexus  
  32  4:04  Probe  
  33  4:14  Phoenix  
  33  4:17  Probe (Chrono Boost)  
  36  4:23  Pylon  
  36  4:29  Probe (Chrono Boost)  
  37  4:34  Probe (Chrono Boost)  
  38  4:41  Phoenix  
  38  4:44  Probe  
  41  4:56  Probe  
  42  5:06  Phoenix  
  44  5:09  Pylon  
  44  5:11  Probe (Chrono Boost)  
  44  5:13  Probe (Chrono Boost)  
  46  5:20  Probe (Chrono Boost)  
  45  5:23  Probe (Chrono Boost)  
  45  5:25  Probe (Chrono Boost)  
  46  5:31  Phoenix (Chrono Boost)  
  46  5:32  Probe  
  49  5:36  Cybernetics Core  
  49  5:37  Probe  
  50  5:44  Probe  
  52  5:50  Probe  
  52  5:51  Assimilator  
  52  5:53  Assimilator, Phoenix (Chrono Boost)  
  52  5:57  Probe  
  55  6:02  Probe  
  56  6:09  Probe (Chrono Boost)  
  56  6:10  Phoenix (Chrono Boost)  
  55  6:14  Stargate, Probe (Chrono Boost)  
  58  6:26  Probe (Chrono Boost)  
  58  6:27  Probe (Chrono Boost)  
  58  6:28  Nexus  
  58  6:30  Pylon  
  58  6:31  Phoenix (Chrono Boost)  
  58  6:32  Probe (Chrono Boost)  
  60  6:33  Probe (Chrono Boost)  
  62  6:42  Probe  
  62  6:46  Probe  
  64  6:49  Sentry  
  64  6:50  Phoenix  
  68  6:54  Probe  
  68  6:58  Phoenix, Probe  
  72  7:04  Pylon  
  72  7:06  Probe  
  72  7:07  Pylon  
  72  7:08  Assimilator  
  73  7:10  Assimilator  
  73  7:12  Fleet Beacon  
  73  7:13  Probe  
  74  7:18  Phoenix  
  74  7:21  Probe  
  74  7:22  Phoenix  
  77  7:27  Phoenix  
  77  7:28  Pylon  
  77  7:29  Probe  
  80  7:33  Probe  
  81  7:39  Shield Battery x2  
  81  7:41  Probe  
  81  7:42  Probe  
  82  7:45  Phoenix  
  84  7:52  Probe  
  84  7:54  Probe  
  84  7:56  Anion Pulse-Crystals, Stargate  
  84  8:03  Probe  
  77  8:05  Probe  
  77  8:06  Phoenix (Chrono Boost)  
  77  8:08  Probe  
  73  8:12  Phoenix (Chrono Boost)  
  69  8:20  Probe  
  69  8:26  Probe x2 (Chrono Boost)  
  72  8:29  Phoenix (Chrono Boost)  
  72  8:32  Probe (Chrono Boost)  
  77  8:35  Phoenix (Chrono Boost)  
  77  8:39  Probe x2 (Chrono Boost)  
  82  8:41  Phoenix (Chrono Boost)  
  82  8:42  Probe (Chrono Boost)  
  82  8:44  Gateway  
  82  8:47  Gateway  
  82  8:55  Stargate  
  84  8:56  Stargate  
  84  8:58  Phoenix (Chrono Boost)  
  86  9:05  Phoenix (Chrono Boost)  
  86  9:06  Phoenix (Chrono Boost)  
  88  9:15  Nexus  
  88  9:16  Pylon  
  88  9:18  Probe  
  88  9:19  Probe x2  
  91  9:29  Phoenix  
  91  9:31  Phoenix  
  95  9:33  Assimilator x2  
  95  9:34  Phoenix  
  97  9:40  Probe x3  
  97  9:42  Phoenix  
  101  9:46  Phoenix  
  101  9:52  Probe x2  
  105  9:53  Probe  
  110  10:04  Probe  
Tags
 
Add a new tag
Caveats
  • Supply blocks, unpowered buildings, or Contaminate may cause inaccurate times.
  • Supply counts are checked every 10 seconds.